 Dungeon Crawl Stone Soup version 0.16-a0-249-g5922f4d (webtiles) character file.

13837 MRaven the Martial Artist (level 12, -6/85 HPs)
             Began as a Merfolk Transmuter on Aug 22, 2014.
             Was a Follower of Ashenzari.
             Mangled by a spiny frog (21 damage)
             ... on Level 2 of the Lair of Beasts.
             The game lasted 01:17:46 (18632 turns).

MRaven the Martial Artist (Merfolk Transmuter)     Turns: 18632, Time: 01:17:46

HP  -6/85        AC  2     Str 11      XL: 12   Next: 10%
MP  24/25        EV 32     Int 15      God: Ashenzari [*.....]
Gold 946         SH  0     Dex 23      Spells:  3 memorised,  8 levels left

rFire  . . .     SeeInvis .       - Unarmed
rCold  . . .     Clarity  .     w - melded +2 robe {MR+} (curse)
rNeg   . . .     rCorr    .     (shield currently unavailable)
rPois  .         rRot     .     (helmet currently unavailable)
rElec  .         Spirit   .     (cloak currently unavailable)
SustAb .         Warding  .     (gloves currently unavailable)
rMut   .         Stasis   .     (boots currently unavailable)
Gourm  .                        (no amulet)
MR     .....                    I - cursed ring of poison resistance
                                o - cursed +3 ring of intelligence

@: spider-form, not resistant to hostile enchantments, unstealthy
A: (change form in water), (swift swim), rough black scales 1
a: End Transformation, Renounce Religion


You were on level 2 of the Lair of Beasts.
You worshipped Ashenzari.
Ashenzari was aware of your devotion.
You were not hungry.
You were in spider-form.
You visited 3 branches of the dungeon, and saw 13 of its levels.

You collected 946 gold pieces.

Inventory:

Hand weapons
 l - a +0 blowgun
Missiles
 b - 143 arrows
 x - 5 poisoned needles
Armour
 w - a cursed +2 robe of magic resistance (melded)
Magical devices
 g - a wand of slowing (5)
 u - a wand of heal wounds (1)
 y - a wand of random effects (8)
 F - a wand of teleportation (2)
 G - a wand of confusion (2)
 H - a wand of fire (10)
 K - a wand of teleportation (2)
 L - a wand of paralysis (13)
 N - a wand of slowing (12)
 O - a wand of random effects (10)
Comestibles
 a - 7 bread rations
 h - 5 meat rations
 D - 8 royal jellies
Scrolls
 c - 9 scrolls of curse armour
 e - 2 scrolls of magic mapping
 f - 2 scrolls of enchant armour
 n - 2 scrolls of fear
 p - 2 scrolls of identify
 s - a scroll of recharging
 t - 4 scrolls of enchant weapon
 A - 2 scrolls of fog
 B - 3 scrolls of remove curse
 E - 3 scrolls of curse weapon
Jewellery
 k - an uncursed amulet of stasis
 o - a cursed +3 ring of intelligence (left front leg)
 r - an uncursed ring of teleportation
 v - an uncursed ring of flight
 I - a cursed ring of poison resistance (right front leg)
 J - an uncursed ring of fire
Potions
 i - 4 potions of brilliance
 j - 2 potions of cancellation
 q - a potion of might
 z - a potion of restore abilities
 C - 2 potions of lignification
 M - a potion of haste
 Q - a potion of magic
 R - 2 potions of flight {unknown}
Books
 d - a book of Changes

   Spells                             Type                      Level
   *Beastly Appendage                 Transmutation                1
   Sticks to Snakes                   Transmutation                2
   *Spider Form                       Transmutation/Poison         3
   Ice Form                           Ice/Transmutation            4
   *Blade Hands                       Transmutation                5
Miscellaneous
 P - a fan of gales


   Skills:
 - Level 4.9 Fighting
 + Level 9.2 Dodging
 * Level 12.6 Unarmed Combat
 + Level 3.2 Spellcasting
 + Level 10.7 Transmutations
 - Level 10.9 Evocations


You had 8 spell levels left.
You knew the following spells:

 Your Spells              Type           Power        Failure   Level  Hunger
a - Beastly Appendage     Trmt           ####..       2%          1    #......
b - Spider Form           Trmt/Pois      ###.......   24%         3    ###....
c - Blade Hands           Trmt           ####......   21%         5    ######.


Dungeon Overview and Level Annotations

Branches:
Dungeon (10/15)            Temple (1/1) D:5             Orc (0/4) D:10
   Lair (2/8) D:8

Altars:
Ashenzari
Cheibriados
Dithmenos
Elyvilon
Fedhas
Gozag
Kikubaaqudgha
Makhleb
Nemelex Xobeh
Okawaru
Qazlal
Sif Muna
Trog
Vehumet
Yredelemnul
Zin
The Shining One

Annotations:
D:6 Menkaure


Innate Abilities, Weirdness & Mutations

((You revert to your normal form in water.))
((You are very nimble and swift while swimming.))
(You are partially covered in rough black scales (AC +4, Dex -1).)


Message History

The spiny frog closely misses you. The wolf bites you!
You bite the spiny frog!
The spiny frog is heavily wounded.
The wolf closely misses you. The spiny frog misses you. The wolf bites you.
You closely miss the spiny frog.
The spiny frog is heavily wounded.
The spiny frog stings you!
* * * LOW HITPOINT WARNING * * *
You are poisoned.
The spiny frog poisons you! The wolf completely misses you.
Drink which item? (? for menu, Esc to quit)
You feel better. The wolf misses you. The spiny frog stings you.
You barely miss the spiny frog.
The spiny frog is heavily wounded.
The wolf completely misses you. The spiny frog stings you!
* * * LOW HITPOINT WARNING * * *
The wolf completely misses you.
Drink which item? (? for menu, Esc to quit)
You feel better. The spiny frog stings you!!
You die...

# . .### ..
..... ....
##......
##...##......#
.............##
#............
#.##...%h.......
#.....s........
#.....F........
#.............
...P.#....#....
....###..#. .##
.#. #..#.. P .
.... .P .##. . .


You could see a spiny frog and a wolf.

Vanquished Creatures
  A fire dragon (Lair:1)
  The ghost of Afay the Charlatan, an experienced HOFi of Beogh (D:8)
  Erolcha (D:10)
  2 hill giants
  A gargoyle (D:10)
  A spiny frog (Lair:1)
  2 komodo dragons
  Prince Ribbit (D:9)
  6 two-headed ogres (D:10)
  4 yaks (Lair:1)
  A wyvern (D:10)
  A hippogriff (Lair:1)
  Eustachio (D:4)
  3 wargs (D:8)
  2 ice beasts
  2 wolves (Lair:2)
  A porcupine (Lair:1)
  6 orc warriors
  A water moccasin (Lair:1)
  A phantom (D:5)
  2 sky beasts
  A yellow wasp (D:10)
  3 black bears
  3 centaurs
  15 ogres
  A necrophage (D:8)
  A crocodile (Lair:1)
  Sigmund (D:6)
  Duvessa (D:5)
  4 giant frogs
  A hippogriff zombie (D:6)
  3 scorpions
  A yak zombie (D:7)
  A troll skeleton (D:7)
  8 killer bees
  4 wights (D:10)
  5 goliath beetles
  4 crimson imps
  2 giant frog zombies
  8 jellies
  Dowan (D:5)
  5 hounds
  7 orc priests
  4 quasits
  An elf skeleton (D:10)
  5 iguanas
  16 orc wizards
  8 worker ants
  An ogre zombie (D:10)
  Ijyb (D:4)
  A necrophage skeleton (D:8)
  A hound zombie (D:5)
  9 adders
  4 gnolls
  3 shadow imps
  A steam dragon zombie (D:6)
  An inept feature mimic (D:4)
  2 worms
  An adder skeleton (D:9)
  10 giant geckos
  5 oozes (D:8)
  42 orcs
  4 ball pythons
  A bat zombie (D:8)
  12 giant cockroaches
  12 goblins
  19 hobgoblins
  14 jackals
  17 kobolds
  3 quokkas
  21 bats
  7 giant newts
  2 hobgoblin skeletons
  4 orc skeletons
  18 rats
371 creatures vanquished.

Vanquished Creatures (others)
  A deep elf mage (D:9)
1 creature vanquished.

Grand Total: 372 creatures vanquished

Notes
Turn   | Place    | Note
--------------------------------------------------------------
     0 | D:1      | MRaven, the Merfolk Transmuter, began the quest for the Orb.
     0 | D:1      | Reached XP level 1. HP: 15/15 MP: 3/3
   431 | D:1      | Reached XP level 2. HP: 12/21 MP: 2/4
   615 | D:1      | Reached skill level 4 in Unarmed Combat
  1008 | D:1      | Reached XP level 3. HP: 25/27 MP: 4/6
  1034 | D:1      | Learned a level 3 spell: Spider Form
  2015 | D:2      | Found a radiant altar of Vehumet.
  2314 | D:3      | Reached XP level 4. HP: 18/34 MP: 7/7
  2779 | D:3      | Reached skill level 5 in Unarmed Combat
  2779 | D:3      | Reached XP level 5. HP: 14/40 MP: 7/9
  4032 | D:4      | Reached XP level 6. HP: 36/47 MP: 10/10
  4577 | D:4      | Found a staircase to the Ecumenical Temple.
  4582 | D:4      | Noticed Eustachio
  4604 | D:4      | Killed Eustachio
  4604 | D:4      | Reached skill level 6 in Unarmed Combat
  4736 | D:4      | the staircase to the Ecumenical Temple was a mimic.
  4820 | D:4      | Noticed Ijyb
  4829 | D:4      | Killed Ijyb
  4829 | D:4      | Reached XP level 7. HP: 46/54 MP: 4/12
  5564 | D:4      | Found a deep blue altar of Sif Muna.
  5644 | D:5      | Entered Level 5 of the Dungeon
  5679 | D:5      | Reached skill level 5 in Transmutations
  5716 | D:5      | Learned a level 5 spell: Blade Hands
  5762 | D:5      | Found a staircase to the Ecumenical Temple.
  5779 | Temple   | Entered the Ecumenical Temple
  5816 | Temple   | Became a worshipper of Ashenzari the Shackled
  6012 | D:5      | Reached skill level 7 in Unarmed Combat
  6793 | D:5      | Noticed Dowan
  6794 | D:5      | Noticed Duvessa
  6808 | D:5      | Killed Dowan
  6813 | D:5      | Killed Duvessa
  7095 | D:5      | Reached XP level 8. HP: 59/61 MP: 13/13
  7297 | D:5      | Reached skill level 8 in Unarmed Combat
  7709 | D:6      | Noticed Menkaure
  8162 | D:6      | Noticed Sigmund
  8255 | D:6      | Killed Sigmund
  8946 | D:6      | Reached skill level 9 in Unarmed Combat
  9098 | D:6      | Found a snail-covered altar of Cheibriados.
  9098 | D:6      | Found a glowing silver altar of Zin.
  9120 | D:7      | Reached skill level 5 in Dodging
  9344 | D:7      | Reached XP level 9. HP: 64/67 MP: 14/14
 10171 | D:6      | Reached skill level 10 in Unarmed Combat
 11276 | D:8      | Noticed Afay's ghost (experienced HOFi)
 11297 | D:8      | Killed Afay's ghost
 11297 | D:8      | Reached skill level 11 in Unarmed Combat
 11723 | D:8      | Reached XP level 10. HP: 68/73 MP: 13/16
 11944 | D:8      | Found a staircase to the Lair.
 12086 | D:8      | Found a shadowy altar of Dithmenos.
 12154 | D:8      | Noticed a hill giant
 12228 | D:8      | Killed a hill giant
 13004 | D:9      | Reached skill level 10 in Transmutations
 13105 | D:9      | Reached skill level 12 in Unarmed Combat
 13490 | D:9      | Reached skill level 1 in Evocations
 13874 | D:9      | Found an iron altar of Okawaru.
 14087 | D:9      | Noticed Prince Ribbit
 14098 | D:9      | Killed Prince Ribbit
 14388 | D:10     | Entered Level 10 of the Dungeon
 14547 | D:10     | Noticed a hill giant
 14557 | D:10     | Killed a hill giant
 14557 | D:10     | Reached skill level 5 in Evocations
 14708 | D:10     | Reached XP level 11. HP: 78/78 MP: 17/21
 15459 | D:10     | Found a staircase to the Orcish Mines.
 15556 | D:10     | Found a basalt altar of Yredelemnul.
 15710 | D:10     | Noticed Erolcha
 15734 | D:10     | Reached skill level 10 in Evocations
 15746 | D:10     | Killed Erolcha
 15770 | D:10     | Gained mutation: You are partially covered in rough black scales (AC +4, Dex -1). [potion of beneficial mutation]
 16894 | Lair:1   | Entered Level 1 of the Lair of Beasts
 18131 | Lair:1   | Noticed a fire dragon
 18158 | Lair:1   | Killed a fire dragon
 18158 | Lair:1   | Reached XP level 12. HP: 22/85 MP: 24/25
 18632 | Lair:2   | Mangled by a spiny frog

Action                   |  1- 3 |  4- 6 |  7- 9 | 10-12 || total
-------------------------+-------+-------+-------+-------++-------
Melee: Unarmed           |   160 |   214 |   459 |   696 ||  1529
 Cast: Beastly Appendage |    14 |    14 |     6 |       ||    34
       Spider Form       |       |     3 |    25 |    34 ||    62
Evoke: Wand              |       |     1 |     5 |     2 ||     8
  Use: Potion            |     4 |     1 |     3 |     6 ||    14
       Scroll            |     5 |     5 |     7 |     7 ||    24
 Stab: Sleeping          |     1 |       |       |     1 ||     2
  Eat: Chunk             |     5 |     9 |     8 |    12 ||    34
       Fruit             |       |       |     7 |     5 ||    12
       Beef jerky        |       |       |     4 |     1 ||     5
       Bread ration      |       |       |     2 |     1 ||     3
       Royal jelly       |       |       |       |     2 ||     2
